 Dungeon Crawl Stone Soup version 0.31-a0-431-g88bdf31460 (webtiles) character file.

Game seed: 14651504047931861370

1504 LeprechaunX the Ruffian (level 8, 0/60 HPs)
             Began as a Vine Stalker Shapeshifter on July 31, 2023.
             Was a Follower of Cheibriados.
             Succumbed to a gnoll sergeant's poison
             ... on level 6 of the Dungeon.
             The game lasted 00:05:35 (3826 turns).

LeprechaunX the Ruffian (Vine Stalker Shapeshifter) Turns: 3826, Time: 00:05:36

Health: 0/60       AC: 24    Str: 23    XL:     8   Next: 82%
Magic:  1/12       EV:  2    Int: 10    God:    Cheibriados [*.....]
Gold:   324        SH:  0    Dex: 16    Spells: 7/7 levels left

rFire   . .          .
                       - Unarmed
rCold   . . .        (no shield)
rNeg    . . .        e - melded +0 ring mail
rPois   +            (helmet currently unavailable)
rElec   .            (cloak currently unavailable)
rCorr   .            (gloves currently unavailable)
SInv    .            (boots currently unavailable)
Will    +....        (no amulet)
Stlth   +            v - +5 ring of evasion
HPRegen 1.10/turn    (no ring)
MPRegen 0.13/turn

%: guardian spirit
@: lethally poisoned (0 -> -11), tree-form, very slow
A: stationary, stasis, torment immunity, boosted hp, (fangs 3), regeneration 1,
magic shield, (antimagic bite), no potion heal 2
a: Renounce Religion, Bend Time


You were on level 6 of the Dungeon.
You worshipped Cheibriados.
Cheibriados was aware of your devotion.
You were a tree.
You visited 2 branches of the dungeon, and saw 7 of its levels.

You collected 324 gold pieces.

Inventory:

Armour
 e - a +0 ring mail (melded)
 t - a +0 pair of boots
Jewellery
 v - a +5 ring of evasion (left branch)
 y - an amulet of regeneration
Talismans
 c - a beast talisman
 i - a maw talisman
Scrolls
 a - 4 scrolls of teleportation {unknown}
 d - 9 scrolls of identify {unknown}
 k - 2 scrolls of noise {unknown}
 l - a scroll of amnesia {unknown}
 n - a scroll of fog {unknown}
 o - 2 scrolls of revelation {unknown}
 q - a scroll of enchant weapon {unknown}
 s - a scroll of acquirement {unknown}
 u - a scroll of brand weapon {unknown}
 x - a scroll of immolation {unknown}
Potions
 f - a potion of cancellation {unknown}
 g - a potion of heal wounds {unknown}
 h - a potion of haste {unknown}
 j - a potion of magic {unknown}
 m - a potion of enlightenment {unknown}
 p - a potion of attraction {unknown}
 r - a potion of curing {unknown}
 w - a potion of brilliance {unknown}
 z - a potion of degeneration {unknown}


   Skills:
 - Level 3.1 Fighting
 - Level 3.3 Dodging
 + Level 6.6 Unarmed Combat
 + Level 4.3 Invocations
 + Level 5.6 Shapeshifting


You had 7 spell levels left.
You didn't know any spells.
Your spell library was empty.

Dungeon Overview and Level Annotations

Branches:
Dungeon (6/15)             Temple (1/1) D:4

Altars:
Ashenzari
Cheibriados
Fedhas
Gozag
Kikubaaqudgha
Nemelex Xobeh
Okawaru
Qazlal
Ru
Trog
Uskayaw
Wu Jian
Xom

Shops:
D:4 (!

Annotations:
D:6 3 runed translucent doors, CraigForest's ghost, novice MeSh


Innate Abilities, Weirdness & Mutations

You are a tree.
Your roots penetrate the ground, keeping you stationary.
You cannot be teleported.
You are immune to unholy pain and torment.
Your maximum health is greatly increased.
Your equipment is partially melded.
((You have razor-sharp teeth.))
Your natural rate of healing is unusually fast.
When hurt, damage is shared between your health and your magic reserves.
((Your bite disrupts and absorbs the magic of your enemies.))
Potions cannot restore your health.


Message History

You hit the sleepcap.
You bite the sleepcap, but do no damage.
The sleepcap is almost destroyed.
The sleepcap completely misses you.
The gnoll sergeant hits you from afar with a +4 trident of venom!
You are poisoned.
You feel very sick.
The sleepcap releases spores at you but does no damage.
The gnoll sergeant barely misses you.
You hit the sleepcap.
You destroy the sleepcap!
Cheibriados appreciates the change of pace.
You feel sick.
The gnoll sergeant throws a boomerang.
The boomerang completely misses you.
You feel sick.
The gnoll sergeant hits you with a +4 trident of venom!
You punch the gnoll sergeant!
You bite the gnoll sergeant, but do no damage.
The gnoll sergeant is moderately wounded.
You feel sick.
The gnoll sergeant hits you with a +4 trident of venom!
* * * LOW HITPOINT WARNING * * *
You are more poisoned.
You barely miss the gnoll sergeant.
The gnoll sergeant is moderately wounded.
You feel sick.
The gnoll sergeant hits you with a +4 trident of venom.
* * * LOW HITPOINT WARNING * * *
You are more poisoned.
Unknown command.
Really quaff the potion of lignification?
Your transformation has ended.
You turn into a tree.
Your +0 ring mail melds into your body.
Your roots penetrate the ground.
* * * LOW HITPOINT WARNING * * *
You feel very sick.
The gnoll sergeant hits you but does no damage.
You pummel the gnoll sergeant!!
The gnoll sergeant is almost dead.
You die...

#########
#.......#
#####.#
#<..#♣#
+.#.#g#
#.#/.)#
#.$.###
###.#
#######.#
..g...g>##
#######8.#
....o#..#


You could see a gnoll sergeant.

Vanquished Creatures
  Eustachio (D:4)
  A water moccasin (D:5)
  An ice beast (D:6)
  A black bear (D:5)
  3 ogres
  2 centaurs (D:5)
  2 phantoms
  A bullfrog (D:5)
  A scorpion (D:5)
  2 hounds
  A jelly (D:4)
  3 iguanas
  3 sleepcaps
  A gnoll (D:1)
  5 adders
  A shadow imp (D:5)
  An ufetubus (D:5)
  2 worms
  2 dart slugs (D:1)
  3 orcs
  5 ball pythons
  5 endoplasms
  A giant cockroach (D:4)
  6 goblins
  5 hobgoblins
  2 jackals (D:4)
  8 kobolds
  6 quokkas
  6 bats
  7 rats
88 creatures vanquished.

Notes
Turn   | Place    | Note
-------+----------+-------------------------------------------
     0 | D:1      | LeprechaunX the Vine Stalker Shapeshifter began the quest
                  | for the Orb.
     0 | D:1      | Reached XP level 1. HP: 9/9 MP: 2/2
   187 | D:1      | Reached skill level 1 in Fighting
   259 | D:1      | Reached XP level 2. HP: 14/14 MP: 3/3
   366 | D:1      | Reached XP level 3. HP: 16/18 MP: 4/4
   573 | D:1      | Found a faded altar of an unknown god.
  1037 | D:2      | Found a bloodstained altar of Trog.
  1051 | D:2      | Gained mutation: Your natural rate of healing is unusually
                  | fast. [Vine Stalker growth]
  1051 | D:2      | Reached XP level 4. HP: 23/23 MP: 5/5
  2191 | D:4      | Reached XP level 5. HP: 12/26 MP: 4/6
  2238 | D:4      | Found a blossoming altar of Fedhas.
  2260 | D:4      | Reached skill level 4 in Unarmed Combat
  2310 | D:4      | Found Gujovet's Distillery.
  2407 | D:4      | Found a staircase to the Ecumenical Temple.
  2482 | D:4      | Found Myjy's Weapon Shop.
  2503 | D:4      | Reached XP level 6. HP: 32/32 MP: 7/7
  2504 | D:4      | Noticed Eustachio
  2545 | D:4      | Killed Eustachio
  2546 | D:4      | Reached XP level 7. HP: 36/36 MP: 6/8
  2638 | D:4      | Found a broken altar of Ashenzari.
  2642 | D:4      | Found a bloodstained altar of Trog.
  2795 | Temple   | Entered the Ecumenical Temple
  2811 | Temple   | Became a worshipper of Cheibriados the Contemplative
  2845 | D:5      | Entered Level 5 of the Dungeon
  2884 | D:5      | Reached skill level 1 in Invocations
  2916 | D:5      | Reached skill level 5 in Unarmed Combat
  3184 | D:5      | Found a shimmering altar of Xom.
  3241 | D:5      | Gained mutation: You have razor-sharp teeth. [Vine Stalker
                  | growth]
  3241 | D:5      | Reached XP level 8. HP: 38/40 MP: 10/10
  3306 | D:5      | Reached skill level 5 in Shapeshifting
  3455 | D:5      | Reached skill level 6 in Unarmed Combat
  3730 | D:6      | Reached * piety under Cheibriados
  3778 | D:6      | Found a runed translucent gate.
  3780 | D:6      | Found a runed translucent gate.
  3780 | D:6      | Found a runed translucent gate.
  3790 | D:6      | Identified the +9 chain mail "Taeq" {-Tele rN++ Will+
                  | Regen+}
  3793 | D:6      | Noticed CraigForest's ghost (novice MeSh)
  3825 | D:6      | HP: 2/60 [poisoned by a gnoll sergeant]
  3826 | D:6      | Succumbed to a gnoll sergeant's poison

Illustrated notes

Levels and vault maps discovered:
D:1:      onia_arrival_mini_maze, layout_loops_ring,
          dreamdust_ecumenical_altar_statues, hangedman_feature_mirror,
          minmay_fountain_box
D:2:      layout_basic, basic_altar, corexii_corridor_pit, kennysheep_boxes
D:3:      layout_loops_cross
D:4:      layout_rooms, grunt_temple_overflow_open, fedhas_altar_3,
          minmay_temple_entry_statues_pillars, serial_shops, kennysheep_mini,
          nicolae_wooded_promenade, uniq_eustachio
D:5:      layout_loops_ring, mainiacjoe_overflow_surrounded_room,
          minmay_misc_feat_cross, columned_hall_lemuel
D:6:      layout_basic, biasface_ghost_orc_armoury,
          hellmonk_guarded_unrand_lears
Temple:   grunt_temple_mini_profane

Skill      XL: |  1  2  3  4  5  6  7  8 |
---------------+-------------------------+-----
Fighting       | 1 2 3 |  3.1
Dodging        | 2 3 |  3.3
Unarmed Combat | 4 5 6 |  6.6
Shapeshifting  | 4 5 |  5.6
Invocations    | 2 4 |  4.3

Action                     |  1- 3 |  4- 6 |  7- 9 || total
---------------------------+-------+-------+-------++-------
  Melee: Unarmed           |    48 |   127 |   103 ||   278
         Bite              |    11 |    23 |    36 ||    70
         Punch             |     2 |     4 |     4 ||    10
    Use: Potion            |       |     1 |     1 ||     2
   Stab: Sleeping          |     3 |       |       ||     3
 Armour: Animal skin       |     1 |       |       ||     1
         Ring mail         |    15 |    32 |    17 ||    64
         Skin              |       |    95 |     1 ||    96
  Dodge: Dodged            |    30 |    45 |    89 ||   164

Table legend: (Time is in decaauts)
 A = Elapsed time spent in this place.
 B = Non-inter-level travel time spent in this place.
 C = Inter-level travel time spent in this place.
 D = Time resting spent in this place.
 E = Time spent auto-exploring this place.
 F = Levels seen in this place.
 G = Mean time per level.
                   A        B        C        D        E       F      G
               +--------+--------+--------+--------+--------+-----+--------+
         Total |   4071 |   3784 |    287 |      4 |   3089 |   7 |  581.6 |
       Dungeon |   4037 |   3782 |    255 |      4 |   3089 |   6 |  672.8 |
        Temple |     34 |      2 |     32 |      0 |      0 |   1 |   34.0 |
               +--------+--------+--------+--------+--------+-----+--------+

Top non-repeatable levels by time:
     D:5: 1064 daAuts
     D:1: 970 daAuts
     D:4: 635 daAuts
     D:3: 628 daAuts
     D:2: 595 daAuts
     D:6: 142 daAuts
  Temple: 34 daAuts
